 Dungeon Crawl Stone Soup version 0.19.5 (webtiles) character file.

73 wolfsongas the Ruffian (level 4, -10/49 HPs)
             Began as a Troll Abyssal Knight on May 3, 2017.
             Was a Follower of Makhleb.
             Mangled by a small abomination (20 damage)
             ... created by the touch of Lugonu
             ... on level 2 of the Dungeon.
             The game lasted 00:03:55 (730 turns).

wolfsongas the Ruffian (Troll Abyssal Knight)        Turns: 730, Time: 00:03:56

Health: -10/49     AC:  5    Str: 21    XL:     4   Next: 8%
Magic:  4/4        EV: 11    Int:  8    God:    Makhleb [*.....]
Gold:   30         SH:  0    Dex:  9    Spells: 0 memorised, 3 levels left

rFire  . . .     SeeInvis .       - Unarmed
rCold  . . .     Gourm    +     a - +0 robe
rNeg   . . .     Faith    .     (no shield)
rPois  .         Spirit   .     (helmet restricted)
rElec  .         Reflect  .     (no cloak)
rCorr  .         Harm     .     (gloves unavailable)
MR     .....     NoTele   +     (boots unavailable)
Stlth  ++........               (no amulet)
                                (no ring)
                                e - ring of stealth

@: cannot translocate
A: unfitting armour, claws 3, fast metabolism 3, gourmand, regeneration 1,
shaggy fur 1, tough skin 2
a: Renounce Religion


You were on level 2 of the Dungeon.
You worshipped Makhleb.
Makhleb was aware of your devotion.
You were completely stuffed.

You visited 1 branch of the dungeon, and saw 2 of its levels.
You visited the Abyss 1 time.

You collected 30 gold pieces.

Inventory:

Armour
 a - a +0 robe (worn)
Jewellery
 e - a ring of stealth (left claw)
Potions
 c - a potion of agility
Comestibles
 b - 2 bread rations


   Skills:
 + Level 4.3 Fighting
 + Level 3.0 Armour
 + Level 3.9 Dodging
 + Level 6.2 Unarmed Combat
 - Level 1.8 Invocations


You had 3 spell levels left.
You didn't know any spells.

Dungeon Overview and Level Annotations

Branches:
Dungeon (2/15)

Altars:
Makhleb


Innate Abilities, Weirdness & Mutations

You are too large for most types of armour.
You have claws for hands.
Your metabolism is lightning-fast.
You like to eat raw meat.
Your natural rate of healing is unusually fast.
You are covered in fur. (AC +1)
You have very tough skin. (AC +2)


Message History

You barely miss the worm.
The worm is moderately wounded.
The worm bites you.
You claw the worm!
You kill the worm!
Makhleb accepts your kill. Lugonu's wrath finds you!
You are crushed and pinned by an extremely strong localised spatial distortion!
Ouch! That really hurt!
* * * LOW HITPOINT WARNING * * *
Lugonu sends minions to punish you.
A small abomination comes into view.
You scratch the small abomination.
The small abomination is lightly damaged.
You scratch the small abomination.
The small abomination is lightly damaged.
You scratch the small abomination but do no damage.
The small abomination is lightly damaged.
The small abomination hits you!!
You die...

#.# #...8...# *,* #.#
#.......# *,*
#.#######..## *,*
#.#.>.......#### *,*
#..............# *,*
###.#####...##.###.*
####.##....!........,
#...x...##..........,
#.##@#####.####.##..,
#,*#.......# **.#*,#,
*,*#########**,,.*,,,
*,* *,,,,,,.**, *,*
*,**,,,.#*, *,*
****,***,*,**, *,**
*,,,,,,,,*,*,, *,,*
*,**,*****,,,, **,*
*,**,* ***,,


You could see a small abomination.

Vanquished Creatures
  A gnoll (D:1)
  A worm (D:2)
  A leopard gecko (D:1)
  4 bats
  2 giant cockroaches (D:1)
  4 goblins (D:1)
  4 hobgoblins (D:1)
  3 jackals (D:1)
  A frilled lizard (D:1)
21 creatures vanquished.

Notes
Turn   | Place    | Note
-------+----------+-------------------------------------------
     0 | Abyss:1  | wolfsongas the Troll Abyssal Knight began the quest for the Orb.
     0 | Abyss:1  | Reached XP level 1. HP: 22/22 MP: 1/1
    14 | D:1      | Escaped the Abyss
   212 | D:1      | Reached XP level 2. HP: 9/29 MP: 2/2
   409 | D:1      | Reached skill level 6 in Unarmed Combat
   409 | D:1      | Reached XP level 3. HP: 32/39 MP: 3/3
   601 | D:1      | Reached XP level 4. HP: 46/48 MP: 4/4
   634 | D:2      | Found a faded altar of an unknown god.
   700 | D:2      | Fell from the grace of Lugonu
   700 | D:2      | Became a worshipper of Makhleb the Destroyer
   700 | D:2      | Reached * piety under Makhleb
   728 | D:2      | Noticed a small abomination
   730 | D:2      | Mangled by a small abomination

Skill      XL: |  1  2 |
---------------+-------+-----
Dodging        | 2 3 |  3.9
Fighting       | 4 |  4.3
Armour         | 3 |  3.0
Unarmed Combat | 6 |  6.2
Invocations    | |  1.8

Action                   |  1- 3 |  4- 6 || total
-------------------------+-------+-------++-------
Melee: Unarmed           |    50 |     7 ||    57
       Punch             |     1 |       ||     1
  Use: Scroll            |     2 |     1 ||     3
       Potion            |     4 |       ||     4
  Eat: Pizza             |     1 |       ||     1
       Chunk             |     1 |       ||     1
       Meat ration       |       |     1 ||     1
       Bread ration      |       |     1 ||     1
Armor: Robe              |    53 |     1 ||    54
Dodge: Dodged            |    78 |     6 ||    84
